 Dungeon Crawl Stone Soup version 0.25-a0-834-g55863b0b92 (webtiles) character file.

Game seed: 2434242683173658362, levelgen mode: classic

13124 Amnesiac the Markself (level 11, -1/64 HPs)
             Began as a Deep Elf Fighter on Apr 22, 2020.
             Was a High Priest of Okawaru.
             Slain by a centaur (3 damage)
             ... on level 12 of the Dungeon.
             The game lasted 00:39:00 (14310 turns).

Amnesiac the Markself (Deep Elf Fighter)           Turns: 14310, Time: 00:39:01

Health: -1/64      AC: 15    Str: 18    XL:     11   Next: 71%
Magic:  16/16      EV: 10    Int: 14    God:    Okawaru [*****.]
Gold:   2598       SH:  0    Dex: 14    Spells: 10/10 levels left

rFire    + . .     SeeInvis .   b - +5 great sword
rCold    . . .     Gourm    .   (shield currently unavailable)
rNeg     . . .     Faith    .   u - +2 chain mail of Valiance {rF+ MR- rCorr}
rPois    +         Spirit   .   i - +0 helmet
rElec    .         Reflect  .   I - scarf {repulsion}
rCorr    +         Harm     .   p - +0 pair of gloves
MR       .....     Clarity  +   D - +0 pair of boots
Stlth    ..........             (no amulet)
HPRegen  0.20/turn              q - ring of poison resistance
MPRegen  0.15/turn              t - ring of resist corrosion

@: repel missiles
A: clarity, strong 1
a: Heroism, Finesse, Renounce Religion


You were on level 12 of the Dungeon.
You worshipped Okawaru.
Okawaru was extremely pleased with you.
You were not hungry.

You visited 1 branch of the dungeon, and saw 12 of its levels.
You also visited: Sewer.

You collected 2598 gold pieces.

Inventory:

Hand Weapons
 a - a +0 shortbow
 b - a +5 great sword (weapon)
 C - a +2 short sword of flaming
Missiles
 l - 67 poisoned darts (quivered)
 v - 13 bolts
 B - 103 arrows
Armour
 i - a +0 helmet (worn)
 o - a +1 leather armour of fire resistance
 p - a +0 pair of gloves (worn)
 u - the +2 chain mail of Valiance (worn) {rF+ MR- rCorr}
   (You found it on level 6 of the Dungeon)

   It protects you from fire.
   It affects your resistance to hostile enchantments.
   It provides partial protection from all sources of acid and corrosion.
 A - a +0 troll leather armour {Purgy}
 D - a +0 pair of boots (worn)
 I - a scarf of repulsion (worn)
Jewellery
 q - a ring of poison resistance (left hand)
 t - a ring of resist corrosion (right hand)
 K - an uncursed ring of magical power {unknown}
Wands
 g - a wand of digging (11)
 r - a wand of random effects (15)
 w - a wand of flame (34)
 x - a wand of iceblast (3)
 y - a wand of paralysis (4)
 H - a wand of polymorph (7)
Scrolls
 e - 7 scrolls of teleportation {!r}
 h - a scroll of fear {!r}
 k - a scroll of magic mapping {!r}
 m - a scroll of blinking {!r}
 n - 6 scrolls of remove curse {!r}
 z - a scroll of enchant weapon {!r}
 E - 4 scrolls of identify {!r}
Potions
 c - a potion of heal wounds {!q, unknown}
 d - 7 potions of might {!q}
 j - 3 potions of brilliance {!q}
 s - 3 potions of flight {!q}
 G - a potion of mutation {!q}
Comestibles
 f - 19 rations


   Skills:
 - Level 6.0 Fighting
 - Level 4.0 Short Blades
 - Level 15.0 Bows
 - Level 6.0 Armour
 - Level 6.0 Dodging
   Level 2.4 Shields
 * Level 3.7 Invocations
 - Level 4.0 Evocations


You had 10 spell levels left.
You didn't know any spells.
Your spell library contained the following spells:

 Spells                   Type           Power        Failure   Level  Hunger
 Sandblast                Erth           #.....       97%         1    ##.....
 Passwall                 Tmut/Erth      #.......     99%         2    ###....
 Confusing Touch          Hex            #.......     100%        3    ####...
 Gell's Gravitas          Tloc           #.........   100%        3    ####...
 Stone Arrow              Conj/Erth      #.....       100%        3    ####...
 Ice Form                 Ice/Tmut       #.......     100%        4    #####..
 Petrify                  Tmut/Erth      #.......     100%        4    #####..
 Lee's Rapid Deconstruct  Erth           #.........   100%        5    ######.
 Metabolic Englaciation   Hex/Ice        #.........   100%        5    ######.
 Yara's Violent Unravell  Hex/Tmut       #.........   100%        5    ######.
 Freezing Cloud           Conj/Ice/Air   #.........   100%        6    #######
 Ozocubu's Refrigeration  Ice            #.........   100%        6    #######
 Simulacrum               Ice/Necr       #.........   100%        6    #######


Dungeon Overview and Level Annotations

Branches:
Dungeon (12/15)            Temple (0/1) D:6            Lair (0/6) D:9
    Orc (0/2) D:10          Sewer (visited)

Altars:
Cheibriados
Gozag
Nemelex Xobeh
Okawaru
Sif Muna
Trog
Wu Jian
Xom
Zin
The Shining One

Shops:
D:8 %

Annotations:
D:2 Terence
D:4 2 transporters
D:9 1 runed translucent door, Sioqy's ghost, novice NaEn


Innate Abilities, Weirdness & Mutations

You possess an exceptional clarity of mind.
Your muscles are strong. (Str +2)


Message History

The centaur is lightly wounded.
The centaur hits you but does no damage. x4
You slice the centaur!!
The centaur is almost dead.
The centaur barely misses you.
The centaur hits you but does no damage. x2
The centaur hits you.
* * * LOW HITPOINT WARNING * * *
The centaur misses you.
You riposte.
You slash the centaur!
The centaur is heavily wounded.
You slash the centaur!
You kill the centaur!
Okawaru accepts your kill. The centaur hits you.
* * * LOW HITPOINT WARNING * * *
The centaur hits you.
* * * LOW HITPOINT WARNING * * *
The centaur barely misses you.
You riposte.
You slash the centaur!
The centaur is almost dead.
The centaur misses you.
You barely miss the centaur.
The centaur is almost dead.
The centaur barely misses you.
The centaur hits you but does no damage. x3
You hit the centaur.
You kill the centaur!
Okawaru accepts your kill. The centaur closely misses you.
You riposte.
You slash the centaur!
The centaur is moderately wounded.
The centaur closely misses you.
You riposte.
You slash the centaur!
The centaur is almost dead.
The centaur hits you but does no damage.
You slash the centaur!
You kill the centaur!
Okawaru accepts your kill.
A centaur comes into view.
You closely miss the centaur. The centaur closely misses you. x2
The centaur hits you.
* * * LOW HITPOINT WARNING * * *
You are too injured to fight recklessly!
You are too injured to fight recklessly!
You are too injured to fight recklessly!
You hit the centaur.
The centaur is moderately wounded.
The centaur barely misses you. The centaur hits you.
* * * LOW HITPOINT WARNING * * *
You are too injured to fight recklessly!
You hit the centaur.
The centaur is heavily wounded.
The centaur hits you.
* * * LOW HITPOINT WARNING * * *
The centaur hits you.
* * * LOW HITPOINT WARNING * * *
The centaur barely misses you.
You slash the centaur!
The centaur is severely wounded.
You hear the faint crackling of a distant melting archway.
The centaur hits you.
* * * LOW HITPOINT WARNING * * *
The centaur completely misses you.
You barely miss the centaur.
The centaur is severely wounded.
The centaur hits you.
You die...

#+# c. .## ####
#####c### #..#
#...@)..# ###.######
#....†..###........##
+....<..'.#).....⌠..#
#.......#.#..........
#.......#......⌠.....
#.......###.......<..
#####(### ##...⌠.....
..# #.#....... .###
#.....⌠..#


You could see a centaur.

Vanquished Creatures
  A hydra (D:11)
  4 two-headed ogres
  An unseen horror (D:12)
  An ugly thing (D:11)
  Maggie (D:10)
  A komodo dragon (D:9)
  3 trolls
  Grinder (D:6)
  A hippogriff (D:9)
  Sigmund (D:6)
  A wyvern (D:10)
  A human (D:8)
  9 yaks
  A hungry ghost (D:8)
  Edmund (D:4)
  A water moccasin (D:7)
  A soldier ant (D:11)
  Purgy (Sewer)
  7 orc warriors
  A sky beast (D:7)
  An eye of draining (D:9)
  4 ogres
  8 centaurs
  2 crocodiles
  Blork the orc (D:6)
  A gnoll sergeant (D:10)
  5 bullfrogs
  6 scorpions
  A wyvern skeleton (D:9)
  9 killer bees
  5 wights
  A howler monkey (D:5)
  2 crimson imps
  A bullfrog zombie (D:6)
  A quasit (D:11)
  5 jellies
  2 centaur zombies
  7 orc priests
  A centaur skeleton (D:9)
  6 hounds
  10 orc wizards
  A bullfrog skeleton (D:10)
  5 iguanas
  4 worker ants
  A killer bee zombie (D:6)
  A hound zombie (D:9)
  A howler monkey zombie (D:8)
  A worker ant zombie (D:8)
  5 gnolls
  16 adders
  3 river rats (D:6)
  3 shadow imps
  An ooze (D:6)
  2 adder skeletons
  An adder zombie (D:6)
  9 worms
  3 dart slugs
  3 leopard geckos
  43 orcs
  4 ball pythons
  6 giant cockroaches
  7 goblins
  9 hobgoblins
  15 jackals
  4 quokkas
  15 bats
  3 frilled lizards
  A goblin skeleton (D:8)
  2 goblin zombies (D:8)
  3 hobgoblin zombies (D:8)
  A jackal skeleton (D:4)
  6 kobolds
  A kobold skeleton (D:8)
  A kobold zombie (D:8)
  2 orc zombies (D:8)
  8 rats
309 creatures vanquished.

Vanquished Creatures (others)
  2 plants (D:9)
2 creatures vanquished.

Grand Total: 311 creatures vanquished

Notes
Turn   | Place    | Note
-------+----------+-------------------------------------------
     0 | D:1      | Amnesiac the Deep Elf Fighter began the quest for the Orb.
     0 | D:1      | Reached XP level 1. HP: 13/13 MP: 3/3
    55 | D:1      | Reached skill level 1 in Dodging
   329 | D:1      | Reached XP level 2. HP: 17/18 MP: 4/4
  1149 | D:1      | Reached XP level 3. HP: 16/22 MP: 5/5
  1904 | D:2      | HP: 1/22 [worm (8)]
  1924 | D:2      | Gained mutation: Your muscles are strong. (Str +2) [potion
                  | of mutation]
  1924 | D:2      | Gained mutation: You possess an exceptional clarity of
                  | mind. [potion of mutation]
  2344 | D:2      | Reached XP level 4. HP: 27/27 MP: 6/6
  2345 | D:2      | Found a snail-covered altar of Cheibriados.
  2862 | D:3      | Found an opulent altar of Gozag.
  2891 | D:3      | Noticed Terence
  3739 | D:4      | Identified a paperback manual
  3739 | D:4      | Noticed a phantom
  3768 | D:4      | Reached XP level 5. HP: 23/32 MP: 7/7
  3958 | D:4      | Noticed Edmund
  3980 | D:4      | Killed Edmund
  3980 | D:4      | Reached XP level 6. HP: 24/37 MP: 8/8
  4472 | D:4      | Found a transporter.
  4572 | D:4      | Found a transporter.
  4672 | D:5      | Entered Level 5 of the Dungeon
  5266 | D:5      | Reached skill level 1 in Evocations
  5384 | D:5      | Found an iron altar of Okawaru.
  5392 | D:5      | Became a worshipper of Warmaster Okawaru
  5431 | D:5      | Reached XP level 7. HP: 10/42 MP: 9/9
  6065 | D:6      | Got a bloodstained chain mail
  6111 | D:6      | Found a staircase to the Ecumenical Temple.
  6169 | D:6      | Noticed Blork the orc
  6181 | D:6      | Killed Blork the orc
  6233 | D:6      | Noticed Grinder
  6244 | D:6      | Killed Grinder
  6342 | D:6      | Found a glowing drain.
  6349 | Sewer    | Entered a sewer
  6418 | Sewer    | Noticed Purgy
  6423 | Sewer    | Killed Purgy
  6423 | Sewer    | Reached XP level 8. HP: 45/48 MP: 10/12
  6510 | D:6      | Reached * piety under Okawaru
  6654 | D:6      | Reached skill level 5 in Fighting
  6664 | D:6      | Reached skill level 5 in Armour
  6701 | D:6      | Reached skill level 5 in Dodging
  7221 | D:6      | Noticed Sigmund
  7248 | D:6      | Killed Sigmund
  7248 | D:6      | Reached ** piety under Okawaru
  7641 | D:7      | Identified the +2 chain mail of Valiance {rF+ MR- rCorr}
                  | (You found it on level 6 of the Dungeon)
  7761 | D:7      | Reached skill level 1 in Bows
  7807 | D:7      | Reached skill level 2 in Bows
  7807 | D:7      | Reached XP level 9. HP: 22/55 MP: 13/13
  8084 | D:7      | Reached skill level 3 in Bows
  8547 | D:7      | Reached skill level 4 in Bows
  8738 | D:7      | Reached skill level 5 in Bows
  8745 | D:7      | Reached *** piety under Okawaru
  8750 | D:7      | Reached skill level 6 in Bows
  8931 | D:8      | Reached skill level 7 in Bows
  8995 | D:8      | Noticed a two-headed ogre
  9034 | D:7      | Killed a two-headed ogre
  9034 | D:7      | Reached skill level 8 in Bows
  9056 | D:8      | Reached **** piety under Okawaru
  9056 | D:8      | Reached skill level 9 in Bows
  9122 | D:8      | Reached XP level 10. HP: 59/60 MP: 15/15
  9510 | D:7      | Received a gift from Okawaru
  9559 | D:8      | Noticed a two-headed ogre
  9561 | D:8      | Found a glowing golden altar of the Shining One.
  9621 | D:7      | Killed a two-headed ogre
  9621 | D:7      | Reached skill level 10 in Bows
  9765 | D:8      | Found Gofyet's Food Shoppe.
  9870 | D:8      | Reached skill level 11 in Bows
 10030 | D:8      | Found an ornate altar of the Wu Jian Council.
 10030 | D:8      | Found a snail-covered altar of Cheibriados.
 10245 | D:8      | Found a shimmering blue altar of Sif Muna.
 10265 | D:8      | Found a sparkling altar of Nemelex Xobeh.
 10413 | D:8      | Found a bloodstained altar of Trog.
 10649 | D:9      | Reached ***** piety under Okawaru
 10666 | D:9      | Found a glowing silver altar of Zin.
 10874 | D:9      | Received a gift from Okawaru
 10880 | D:9      | Reached skill level 12 in Bows
 11024 | D:9      | Found a staircase to the Lair.
 11400 | D:9      | Found a runed translucent door.
 11401 | D:9      | Found a shimmering altar of Xom.
 11401 | D:9      | Noticed Sioqy's ghost (novice NaEn)
 11401 | D:9      | Noticed a +0 mace of chaos
 11468 | D:9      | Found an iron altar of Okawaru.
 11581 | D:10     | Entered Level 10 of the Dungeon
 11750 | D:10     | Reached skill level 13 in Bows
 11755 | D:10     | Received a gift from Okawaru
 11802 | D:10     | Reached XP level 11. HP: 53/64 MP: 16/16
 11843 | D:10     | Noticed a two-headed ogre
 11854 | D:10     | Killed a two-headed ogre
 11863 | D:10     | Found a staircase to the Orcish Mines.
 12210 | D:10     | Noticed Maggie
 12214 | D:10     | Killed Maggie
 12214 | D:10     | Received a gift from Okawaru
 12516 | D:11     | Noticed a brown ugly thing
 12561 | D:11     | Noticed a two-headed ogre
 12574 | D:11     | Identified a scroll of acquirement {!r}
 12574 | D:11     | Identified the +2 shortbow of Eryotty {venom, Str+4 Int+5}
                  | (You acquired it on level 11 of the Dungeon)
 12590 | D:11     | Killed a two-headed ogre
 12590 | D:11     | Reached skill level 14 in Bows
 12816 | D:11     | Noticed a five-headed hydra
 12853 | D:11     | Noticed a five-headed hydra
 12866 | D:11     | Killed a five-headed hydra
 13166 | D:11     | Killed a brown ugly thing
 13365 | D:11     | Reached skill level 15 in Bows
 13564 | D:11     | Reached skill level 1 in Invocations
 14254 | D:12     | Killed an unseen horror
 14254 | D:12     | Received a gift from Okawaru
 14309 | D:12     | HP: 1/64 [centaur (5)]
 14310 | D:12     | Slain by a centaur

Levels and vault maps discovered:
D:1:      psy_arrival_spokes, layout_loops_ring
D:2:      layout_basic, kennysheep_slug_shrine
D:3:      layout_loops_ring, nicolae_gozag_seed_capital, uniq_terence
D:4:      layout_loops_ring, gammafunk_ghost_gnarly_gnolls, uniq_edmund
D:5:      layout_cave_pools, first_ration, okawaru_altar_gauntlet_db
D:6:      layout_loops_ring, temple_doors_e, lightli_sewer_entry_pipes,
          kennysheep_generic_room_10, uniq_grinder, uniq_blork_the_orc,
          uniq_sigmund
D:7:      layout_loops_ring, hangedman_abyss_or_decor_passed
D:8:      layout_basic, led_sif_pool, nemelex_altar_shiori,
          nicolae_tso_besieged_by_evil,
          chequers_temple_overflow_statue_of_worship, serial_shops, shop_statue,
          grunt_pizzeria, trog_butcher_becter
D:9:      layout_basic, nicolae_overflow_hidden_temple, david_lair_shrubbed,
          ebering_ghost_xom
D:10:     layout_loops_ring, orc_0_dummy, uniq_maggie
D:11:     layout_roguey
D:12:     layout_roguey, portal_ice_cave_demonic_guard, serial_shops,
          bzr_entry_road, grunt_ministairs_9, uniq_jorgrun

Skill      XL: |  1  2  3  4  5  6  7  8  9 10 11 |
---------------+----------------------------------+-----
Dodging        | 2 3 4 5 6 |  6.0
Short Blades   | 3 4 |  4.0
Fighting       | 3 4 5 6 |  6.0
Armour         | 3 4 5 6 |  6.0
Evocations     | 1 2 3 4 |  4.0
Bows           | 2 9 13 15 | 15.0
Invocations    | 3 |  3.7
Shields        | |  2.4

Action                   |  1- 3 |  4- 6 |  7- 9 | 10-12 || total
-------------------------+-------+-------+-------+-------++-------
Melee: Rapier            |    30 |       |       |       ||    30
       Dagger            |   217 |   364 |    15 |       ||   596
       Unarmed           |     2 |       |       |       ||     2
       Great sword       |       |       |       |    18 ||    18
       Short sword       |       |       |       |     6 ||     6
       Shortbow          |       |       |       |     1 ||     1
 Fire: Hand crossbow     |       |       |   158 |       ||   158
       Shortbow          |       |       |   229 |   745 ||   974
Throw: Dart              |       |    61 |    16 |    19 ||    96
Evoke: Wand              |       |       |     5 |    22 ||    27
  Use: Scroll            |     1 |     7 |     5 |     4 ||    17
       Potion            |     5 |       |     5 |     1 ||    11
  Eat: Chunk             |     5 |    10 |    11 |    15 ||    41
Armor: Scale mail        |    85 |    93 |    41 |       ||   219
       Skin              |       |       |    13 |       ||    13
       Chain mail        |       |       |    87 |   202 ||   289
Dodge: Dodged            |    65 |    64 |   117 |   151 ||   397
Block: Kite shield       |    76 |    98 |    49 |       ||   223
       Rpst.: Great sword |       |       |       |     5 ||     5

Table legend:
 A = Non-vault XP
 B = Vault XP
 C = Vault XP percentage of total XP
 D = Non-vault monster count
 E = Vault monster count
 F = Vault count percentage of total count
                 A         B        C        D         E       F
            +---------+---------+-------+---------+---------+-------
      Total |   15624 |    3125 |  16.7 |     261 |      48 |  15.5
            +---------+---------+-------+---------+---------+-------
        D:1 |      57 |       0 |   0.0 |      24 |       0 |   0.0
        D:2 |      44 |       4 |   8.3 |      14 |       1 |   6.7
        D:3 |      64 |       0 |   0.0 |      27 |       0 |   0.0
        D:4 |     133 |     164 |  55.2 |       9 |       1 |  10.0
        D:5 |     305 |      36 |  10.6 |      10 |       6 |  37.5
        D:6 |     600 |     784 |  56.6 |      17 |      14 |  45.2
        D:7 |    3976 |       0 |   0.0 |      30 |       0 |   0.0
        D:8 |    1284 |     464 |  26.5 |      26 |      16 |  38.1
        D:9 |    1451 |     350 |  19.4 |      33 |       1 |   2.9
       D:10 |    3158 |     404 |  11.3 |      33 |       1 |   2.9
       D:11 |    3946 |       0 |   0.0 |      30 |       0 |   0.0
       D:12 |     606 |     770 |  56.0 |       8 |       2 |  20.0
      Sewer |       0 |     149 | 100.0 |       0 |       6 | 100.0
            +---------+---------+-------+---------+---------+-------
